 Dungeon Crawl Stone Soup version 0.23-a0-183-gf37f6fb (webtiles) character file.

14616 galech the Cleaver (level 11, 0/89 HPs)
             Began as a Demonspawn Fighter on Sept 21, 2018.
             Was the Champion of Okawaru.
             Killed from afar by a frost giant (40 damage)
             ... with a bolt of cold
             ... in an ice cave.
             The game lasted 00:21:57 (11818 turns).

galech the Cleaver (Demonspawn Fighter)            Turns: 11818, Time: 00:21:58

Health: 0/89       AC: 15    Str: 17    XL:     11   Next: 91%
Magic:  4/11       EV: 23    Int:  9    God:    Okawaru [******]
Gold:   331        SH: 13    Dex: 21    Spells: 10/10 levels left

rFire    + + .     SeeInvis .   b - +4 war axe (flame)
rCold    . . .     Gourm    .   c - +0 shield
rNeg     . . .     Faith    .   Q - +2 ring mail {rF+}
rPois    .         Spirit   .   (helmet unavailable)
rElec    .         Reflect  .   h - +0 cloak
rCorr    .         Harm     .   t - +0 pair of gloves
MR       .....                  E - +0 pair of boots
Stlth    +++++.....             w - amulet of regeneration
HPRegen  0.64/turn              (no ring)
MPRegen  0.12/turn              i - ring of protection from fire

@: agile, heroism, finesse
A: horns 3, rugged brown scales 1, demonic guardian 1, powered by pain 2
a: Heroism, Finesse, Renounce Religion


You were in an ice cave.
You worshipped Okawaru.
Okawaru was exalted by your worship.
You were not hungry.

You visited 3 branches of the dungeon, and saw 12 of its levels.
You also visited: Sewer and Ice Cave.

You collected 648 gold pieces.
You spent 317 gold pieces at shops.

Inventory:

Hand Weapons
 a - a +0 war axe
 b - a +4 war axe of flaming (weapon)
 v - a +1 hand axe of electrocution
 z - a +0 antimagic hand axe
 P - a +4 vampiric hand axe
 S - a +2 broad axe of chopping
Armour
 c - a +0 shield (worn)
 h - a +0 cloak (worn)
 t - a +0 pair of gloves (worn)
 E - a +0 pair of boots (worn)
 G - the +2 buckler "Catevyladd" {rF+++ Slay-4}
   (You found it on level 7 of the Dungeon)

   It affects your accuracy and damage with ranged weapons and melee attacks
   (-4).
   It renders you almost immune to fire.
 Q - a +2 ring mail of fire resistance (worn)
Jewellery
 i - a ring of protection from fire (right hand)
 o - an uncursed ring of magical power
 p - a +4 ring of intelligence
 w - an amulet of regeneration (around neck)
 K - an uncursed ring of resist corrosion
 O - an uncursed ring of flight
Wands
 T - a wand of digging (31)
Scrolls
 g - 6 scrolls of remove curse
 j - 3 scrolls of identify
 k - 3 scrolls of fog
 s - 2 scrolls of fear
 u - 3 scrolls of teleportation
 y - a scroll of enchant armour
 D - 2 scrolls of blinking
Potions
 d - 3 potions of might
 e - a potion of heal wounds {unknown}
 l - 3 potions of haste
 m - a potion of lignification
 n - 2 potions of berserk rage
 r - 7 potions of curing
 B - a potion of invisibility {unknown}
 C - 5 potions of flight {unknown}
 J - 3 potions of brilliance {unknown}
 M - 2 potions of agility
Comestibles
 f - 30 rations
 q - a chunk of flesh


   Skills:
 + Level 8.3(13.3) Fighting
 + Level 11.8(16.8) Axes
 + Level 7.2(12.2) Armour
 + Level 4.9(9.9) Dodging
 + Level 3.2(8.2) Stealth
 + Level 7.5(12.5) Shields
 + Level 0.1 Invocations


You had 10 spell levels left.
You didn't know any spells.
Your spell library contained the following spells:

 Spells                   Type           Power        Failure   Level  Hunger
 Magic Dart               Conj           #...         65%         1    ##.....
 Blink                    Tloc           N/A          78%         2    ###....
 Call Imp                 Summ           #.......     78%         2    ###....
 Slow                     Hex            #.......     78%         2    ###....
 Conjure Flame            Conj/Fire      #.......     95%         3    ####...
 Mephitic Cloud           Conj/Pois/Air  #.......     95%         3    ####...


Dungeon Overview and Level Annotations

Branches:
Dungeon (10/15)            Temple (1/1) D:5            Lair (1/6) D:9
    Orc (0/2) D:10

Altars:
Ashenzari
Cheibriados
Elyvilon
Fedhas
Gozag
Hepliaklqana
Kikubaaqudgha
Makhleb
Nemelex Xobeh
Okawaru
Ru
Trog
Uskayaw
Vehumet
Wu Jian
Xom
Yredelemnul
Zin
The Shining One

Shops:
D:4 ?   D:9 (!   D:10 (


Innate Abilities, Weirdness & Mutations

You have a pair of large horns on your head.
You are partially covered in rugged brown scales. (AC +1, +3% HP)
A weak demonic guardian rushes to your aid.
You sometimes gain power by taking damage.


Message History

You headbutt the frost giant, but do no damage.
The frost giant is lightly wounded.
Your ring mail prevents you from hitting the frost giant.
The frost giant is lightly wounded.
The frost giant barely misses you.
The frost giant hits your shadow imp with a battleaxe of freezing!!
The frost giant freezes your shadow imp.
Your shadow imp dies!
You hit the frost giant but do no damage.
The frost giant is lightly wounded.
You slash the frost giant! You burn the frost giant.
The frost giant is moderately wounded.
You slash the frost giant! You burn the frost giant.
The frost giant is heavily wounded.
You hit the frost giant. You burn the frost giant.
You headbutt the frost giant, but do no damage.
The frost giant is heavily wounded.
The frost giant points at you and mumbles some strange words.
The bolt of cold hits you!
You die...

#.# ##.#
#C## #.##
#..# ##C#
##.#
###.##
##@#.#
#..C.#
##.#.##
≈≈≈
#.###.#
≈#≈≈##.##
.#
≈≈≈≈≈#..#
##
≈#≈≈≈##.##
≈≈≈≈#≈#≈.#
#
#≈≈≈≈≈≈#≈#


You could see a frost giant.

Vanquished Creatures
  4 death yaks
  A queen bee (D:10)
  9 polar bears (IceCv)
  2 hippogriffs
  A wyvern (D:10)
  Sigmund (D:5)
  14 yaks
  A wraith (D:9)
  A human (D:8)
  2 hogs (D:8)
  A hungry ghost (D:9)
  Edmund (D:5)
  A water moccasin (D:7)
  An ice beast (D:6)
  7 orc warriors
  A black bear (D:7)
  2 eyes of draining (D:5)
  A sky beast (D:7)
  A necrophage (D:9)
  An ogre (D:9)
  2 centaurs
  12 wolves (IceCv)
  4 bullfrogs
  A gnoll sergeant (D:8)
  2 scorpions
  2 water moccasin skeletons
  21 killer bees (D:10)
  A jelly (D:8)
  5 wights
  An electric eel (D:10)
  3 howler monkeys (D:10)
  A crimson imp (D:5)
  A quasit (D:9)
  2 centaur skeletons
  A bullfrog zombie (D:3)
  8 orc priests
  3 hounds
  5 orc wizards
  A bullfrog skeleton (D:6)
  7 worker ants
  A hell rat (D:9)
  A howler monkey zombie (D:10)
  A howler monkey skeleton (D:6)
  7 adders
  3 gnolls (D:8)
  A river rat (D:9)
  6 shadow imps
  6 oozes
  3 adder skeletons
  An adder zombie (D:9)
  9 worms
  3 dart slugs
  8 leopard geckos
  39 orcs
  7 giant cockroaches
  4 goblins
  9 hobgoblins
  15 jackals
  7 kobolds
  A quokka (D:3)
  2 ball pythons
  13 bats
  6 frilled lizards
  A leopard gecko skeleton (D:4)
  A quokka zombie (D:9)
  10 rats
301 creatures vanquished.

Vanquished Creatures (collateral kills)
  A two-headed ogre (D:9)
  2 hogs (D:8)
  An ice beast (D:10)
  A sky beast (D:7)
  3 ogres (D:6)
  A wolf (IceCv)
  2 centaurs
  A bullfrog (D:6)
  2 killer bees (D:10)
  A wight (D:7)
  A hell rat (D:9)
  A worker ant (D:6)
  A howler monkey zombie (D:10)
  4 orcs
  A jackal (D:6)
  A ball python (D:5)
24 creatures vanquished.

Vanquished Creatures (others)
  An orc (D:10)
1 creature vanquished.

Grand Total: 326 creatures vanquished

Notes
Turn   | Place    | Note
-------+----------+-------------------------------------------
     0 | D:1      | galech the Demonspawn Fighter began the quest for the Orb.
     0 | D:1      | Reached XP level 1. HP: 18/18 MP: 1/1
   191 | D:1      | Found a shattered altar of Ashenzari.
   244 | D:1      | Gained mutation: You are partially covered in rugged brown
                  | scales. (AC +1, +3% HP) [demonic ancestry]
   244 | D:1      | Reached XP level 2. HP: 6/24 MP: 2/2
  1161 | D:2      | Found a shimmering altar of Xom.
  1162 | D:2      | Found a shimmering altar of Xom.
  1162 | D:2      | Found a shimmering altar of Xom.
  1163 | D:2      | Found a shimmering altar of Xom.
  1242 | D:2      | Found a shimmering altar of Xom.
  1244 | D:2      | You fall through a shaft!
  1249 | D:3      | Reached skill level 2 in Axes
  1284 | D:2      | Gained mutation: You have a pair of small horns on your
                  | head. [demonic ancestry]
  1284 | D:2      | Reached XP level 3. HP: 13/29 MP: 3/3
  1819 | D:2      | You fall through a shaft for 2 floors!
  1835 | D:3      | Gained mutation: You sometimes gain a little power by
                  | taking damage. [demonic ancestry]
  1835 | D:3      | Reached XP level 4. HP: 36/36 MP: 4/4
  2001 | D:3      | Found a faded altar of an unknown god.
  2112 | D:3      | Reached skill level 3 in Axes
  2403 | D:3      | Found a snail-covered altar of Cheibriados.
  2494 | D:3      | Reached XP level 5. HP: 28/42 MP: 5/5
  3254 | D:4      | Found Tasisk's Magic Scroll Boutique.
  3275 | D:4      | Bought a scroll of enchant weapon for 105 gold pieces
  3275 | D:4      | Bought a scroll of identify for 28 gold pieces
  3275 | D:4      | Bought a scroll of identify for 28 gold pieces
  3487 | D:4      | Gained mutation: You have a pair of horns on your head.
                  | [demonic ancestry]
  3487 | D:4      | Reached XP level 6. HP: 37/48 MP: 6/6
  3813 | D:4      | Found a sparkling altar of Nemelex Xobeh.
  4048 | D:5      | Entered Level 5 of the Dungeon
  4315 | D:5      | Reached skill level 4 in Axes
  4315 | D:5      | Reached skill level 1 in Dodging
  4727 | D:5      | Found a hazy altar of Hepliaklqana.
  4741 | D:5      | Found a staircase to the Ecumenical Temple.
  4770 | Temple   | Entered the Ecumenical Temple
  4774 | Temple   | Became a worshipper of Warmaster Okawaru
  4797 | D:5      | Noticed Edmund
  4807 | D:5      | Killed Edmund
  4807 | D:5      | Gained mutation: A weak demonic guardian rushes to your
                  | aid. [demonic ancestry]
  4807 | D:5      | Reached XP level 7. HP: 33/54 MP: 7/7
  4817 | D:5      | Found a shattered altar of Ashenzari.
  4827 | D:5      | Noticed Sigmund
  4836 | D:5      | Killed Sigmund
  4941 | D:5      | Reached * piety under Okawaru
  5089 | D:5      | Reached skill level 5 in Axes
  5096 | D:5      | Found a bloodstained altar of Trog.
  5110 | D:5      | Reached skill level 5 in Armour
  5256 | D:5      | Gained mutation: You have a pair of large horns on your
                  | head. [demonic ancestry]
  5256 | D:5      | Reached XP level 8. HP: 60/62 MP: 8/8
  5654 | D:6      | Found a glowing drain.
  5658 | Sewer    | Entered a sewer
  6387 | D:6      | Reached skill level 1 in Stealth
  6448 | D:6      | Reached skill level 6 in Axes
  6545 | D:6      | Reached ** piety under Okawaru
  6549 | D:6      | Found an opulent altar of Gozag.
  6880 | D:6      | Reached skill level 5 in Fighting
  7156 | D:7      | Got an ichor-stained buckler
  7167 | D:7      | Identified the +2 buckler "Catevyladd" {rF+++ Slay-4} (You
                  | found it on level 7 of the Dungeon)
  7207 | D:7      | Reached skill level 7 in Axes
  7255 | D:7      | Noticed a hippogriff
  7267 | D:7      | Reached *** piety under Okawaru
  7267 | D:7      | Gained mutation: You sometimes gain power by taking damage.
                  | [demonic ancestry]
  7267 | D:7      | Reached XP level 9. HP: 25/70 MP: 9/9
  7273 | D:7      | HP: 2/70 [black bear (5)]
  7462 | D:7      | Found an opulent altar of Gozag.
  7568 | D:7      | Reached skill level 5 in Shields
  8034 | D:8      | Found a white marble altar of Elyvilon.
  8034 | D:8      | Found a glowing silver altar of Zin.
  8085 | D:8      | Reached **** piety under Okawaru
  8237 | D:8      | Reached skill level 8 in Axes
  8821 | D:9      | Noticed a death yak
  8821 | D:9      | Noticed a death yak
  8824 | D:9      | Noticed a death yak
  8918 | D:9      | Reached ***** piety under Okawaru
  8934 | D:9      | Reached XP level 10. HP: 69/79 MP: 10/10
  8950 | D:9      | Reached skill level 9 in Axes
  9122 | D:9      | Noticed a two-headed ogre
  9131 | D:9      | Killed a two-headed ogre
  9131 | D:9      | Received a gift from Okawaru
  9238 | D:9      | Found a staircase to the Lair.
  9254 | D:10     | Entered Level 10 of the Dungeon
  9300 | D:10     | Found Zereng's Antique Weapon Shoppe.
  9382 | D:10     | Bought a runed war axe for 156 gold pieces
  9758 | D:10     | Reached skill level 10 in Axes
 10037 | D:10     | Received a gift from Okawaru
 10097 | D:10     | Found a staircase to the Orcish Mines.
 10463 | D:9      | Killed a death yak
 10463 | D:9      | Reached XP level 11. HP: 60/87 MP: 9/11
 10580 | D:9      | Killed a death yak
 10703 | D:9      | Found an ornate altar of the Wu Jian Council.
 10704 | D:9      | Found Hanarest's Distillery.
 10765 | D:9      | Found a sparkling altar of Nemelex Xobeh.
 10848 | D:9      | Found Ryemir's Weapon Boutique.
 10955 | Lair:1   | Entered Level 1 of the Lair of Beasts
 10997 | Lair:1   | Found a frozen archway.
 11006 | IceCv    | Entered an ice cave
 11204 | IceCv    | Received a gift from Okawaru
 11204 | IceCv    | Reached skill level 11 in Axes
 11450 | IceCv    | Noticed a death yak
 11450 | IceCv    | Noticed a death yak
 11458 | IceCv    | Killed a death yak
 11463 | IceCv    | Killed a death yak
 11563 | IceCv    | Reached ****** piety under Okawaru
 11794 | IceCv    | Noticed a frost giant
 11794 | IceCv    | Noticed a death yak
 11818 | IceCv    | Killed from afar by a frost giant

Vault maps used:
D:1:      dpeg_arrival_concentric_ovals, ashenzari_altar_1
D:2:      skrybe_limestone_x, xom_redecorated
D:3:      kennysheep_slug_shrine, chequers_ecumenical_altar_island,
          minmay_misc_feat_cross
D:4:      lemuel_round_altar, serial_shops, shop, first_ration
D:5:      trog_eyes_of_draining, kennysheep_mini_moat, kennysheep_little_box,
          temple_doors_cd, chequers_big_river, grunt_ministairs_1, uniq_edmund,
          uniq_sigmund
D:6:      lemuel_doored_altar, gup_sewer_entry_spiral, supply_closet_lemuel
D:7:      basic_altar
D:8:      amethyst_overflow_temple_binary, grunt_livestock
D:9:      nicolae_overflow_crystal_walls, dpeg_lair_monsters, serial_shops,
          shop, nicolae_shop_stone, nemelex_dance_club_becter
D:10:     erik_orc_2, serial_shops, shop
Temple:   nicolae_temple_x_marks_the_god
Lair:1:   beast_lair_carwin_large_2, portal_ice_cave_entry_pillars_1,
          grunt_megastairs_1, uniq_joseph
Sewer:    sewer_fruit_machine
IceCv:    ice_cave_caverns_03

Skill      XL: |  1  2  3  4  5  6  7  8  9 10 11 |
---------------+----------------------------------+-----
Armour         | 3 4 5 6 7 |  7.2
Axes           | 2 3 4 5 7 8 10 11 | 11.8
Shields        | 3 4 5 6 7 |  7.5
Dodging        | 1 2 4 |  4.9
Fighting       | 4 5 6 7 8 |  8.3
Stealth        | 1 2 3 |  3.2
Invocations    | |  0.1

Action                   |  1- 3 |  4- 6 |  7- 9 | 10-12 || total
-------------------------+-------+-------+-------+-------++-------
Melee: War axe           |   122 |   138 |   378 |   416 ||  1054
       Headbutt          |     7 |    31 |    79 |    95 ||   212
       Broad axe         |       |       |       |    20 ||    20
Invok: Heroism           |       |       |       |     2 ||     2
       Finesse           |       |       |       |     1 ||     1
  Use: Scroll            |       |     9 |     5 |    10 ||    24
       Potion            |       |       |       |     1 ||     1
 Stab: Distracted        |       |       |     3 |     4 ||     7
       Sleeping          |       |       |       |     2 ||     2
  Eat: Chunk             |     3 |     9 |    15 |     7 ||    34
       Ration            |       |       |       |     2 ||     2
Armor: Scale mail        |    63 |    62 |   172 |    21 ||   318
       Ring mail         |       |       |       |   122 ||   122
Dodge: Dodged            |    30 |    35 |   123 |   237 ||   425
Block: Shield            |    70 |    66 |   206 |   267 ||   609

Table legend:
 A = Non-vault XP
 B = Vault XP
 C = Vault XP percentage of total XP
 D = Non-vault monster count
 E = Vault monster count
 F = Vault count percentage of total count
                 A         B        C        D         E       F
            +---------+---------+-------+---------+---------+-------
      Total |    7360 |   13520 |  64.8 |     200 |     125 |  38.5
            +---------+---------+-------+---------+---------+-------
        D:1 |      31 |       0 |   0.0 |      17 |       0 |   0.0
        D:2 |      56 |       0 |   0.0 |      17 |       0 |   0.0
        D:3 |     165 |       4 |   2.4 |      27 |       1 |   3.6
        D:4 |     144 |      11 |   7.1 |      12 |       1 |   7.7
        D:5 |     491 |     551 |  52.9 |      21 |       7 |  25.0
        D:6 |     933 |      16 |   1.7 |      21 |       6 |  22.2
        D:7 |    1031 |       0 |   0.0 |      14 |       0 |   0.0
        D:8 |     853 |     808 |  48.6 |      19 |       5 |  20.8
        D:9 |    2880 |    1992 |  40.9 |      30 |       7 |  18.9
       D:10 |     776 |    2185 |  73.8 |      22 |      41 |  65.1
      Sewer |       0 |      74 | 100.0 |       0 |      23 | 100.0
      IceCv |       0 |    7879 | 100.0 |       0 |      34 | 100.0
            +---------+---------+-------+---------+---------+-------
